 Dungeon Crawl Stone Soup version 0.25-a0-815-gab441bd002 (webtiles) character file.

Game seed: 8680177228612165656, levelgen mode: deterministic

55 Conn the Firebug (level 3, -1/21 HPs)
             Began as an Octopode Fire Elementalist on Apr 20, 2020.
             Slain by a crimson imp (2 damage)
             ... summoned by Natasha
             ... on level 2 of the Dungeon.
             The game lasted 00:04:20 (1403 turns).

Conn the Firebug (Octopode Fire Elementalist)       Turns: 1403, Time: 00:04:23

Health: -1/21      AC:  1    Str:  7    XL:     3   Next: 93%
Magic:  3/6        EV: 13    Int: 18    God:
Gold:   85         SH:  0    Dex: 12    Spells: 2/6 levels left

rFire    . . .     SeeInvis .   (no weapon)
rCold    . . .     Gourm    .   (no shield)
rNeg     . . .     Faith    .   (helmet restricted)
rPois    .         Spirit   .   (no amulet)
rElec    .         Reflect  .   (no ring)
rCorr    .         Harm     .   (no ring)
MR       .....                  (no ring)
Stlth    +++.......             (no ring)
HPRegen  0.07/turn              (no ring)
MPRegen  0.10/turn              (no ring)
                                (no ring)
                                (no ring)

@: brilliant
A: almost no armour, stealthy swim, amphibious, 8 rings, constrict 8, camouflage
1, gelatinous body 1
a: no special abilities


You were on level 2 of the Dungeon.
You were not hungry.

You visited 1 branch of the dungeon, and saw 2 of its levels.

You collected 85 gold pieces.

Inventory:

Scrolls
 e - a scroll of remove curse {unknown}
 f - a scroll of immolation {unknown}
 g - a scroll of teleportation {unknown}
Potions
 d - 4 potions of heal wounds {unknown}
Comestibles
 a - 4 chunks of flesh
 b - a ration


   Skills:
 + Level 0.2 Fighting
 + Level 2.1 Dodging
 + Level 3.0 Stealth
 + Level 0.2 Unarmed Combat
 + Level 2.4 Spellcasting
 + Level 1.6 Conjurations
 + Level 3.9 Fire Magic


You had 2 spell levels left.
You knew the following spells:

 Your Spells              Type           Power        Failure   Level  Hunger
a - Foxfire               Conj/Fire      ###.         5%          1    None
b - Conjure Flame         Conj/Fire      ###.....     17%         3    None

Your spell library contained the following spells:

 Spells                   Type           Power        Failure   Level  Hunger
 Inner Flame              Hex/Fire       ##......     24%         3    None
 Sticky Flame             Conj/Fire      ###.....     50%         4    None
 Fireball                 Conj/Fire      ###.......   83%         5    None


Dungeon Overview and Level Annotations

Branches:
Dungeon (2/15)

Altars:

Annotations:
D:2 Natasha


Innate Abilities, Weirdness & Mutations

You cannot wear most types of armour.
You are very stealthy in the water. (Stealth+)
You are amphibious.
You can wear up to eight rings at the same time.
You can use your tentacles to constrict eight enemies at once.
Your skin changes colour to match your surroundings (Stealth+).
Your rubbery body absorbs attacks. (AC +1, EV +1)


Message History

The shadow imp is lightly wounded.
The foxfire hits the shadow imp.
The shadow imp is moderately wounded.
Natasha claws you.
* * * LOW HITPOINT WARNING * * *
The leopard gecko completely misses you.
The crimson imp blinks!
The shadow imp closely misses you.
Casting: Foxfire (safe; 5% risk of failure)
Confirm with . or Enter, or press ? or * to list all spells.
Okay, then.
Unknown command.
Unknown command.
You aren't carrying any items that you can evoke.
It was a potion of brilliance.
You feel clever all of a sudden.
Natasha mumbles some strange words.
The leopard gecko bites you.
* * * LOW HITPOINT WARNING * * *
The crimson imp hits you.
You die...

#.# #.#
###### #.#
#.# # #.#
... # #.#
.#. # #.# .
. #.# #.# .
###l##....
#5@h.......
#.5ยง5......
#..........
#..........
#........(#
###.##...[.
#.# ....# .#
...


You could see Natasha, a crimson imp, a white imp, a shadow imp and a leopard
gecko.

Vanquished Creatures
  A worm (D:2)
  A dart slug (D:1)
  2 leopard geckos (D:1)
  4 bats
  5 hobgoblins
  6 jackals (D:1)
  2 quokkas (D:2)
  2 frilled lizards
  3 goblins (D:1)
  12 kobolds
  7 rats
45 creatures vanquished.

Vanquished Creatures (others)
  90 foxfires
  3 plants (D:1)
93 creatures vanquished.

Grand Total: 138 creatures vanquished

Notes
Turn   | Place    | Note
-------+----------+-------------------------------------------
     0 | D:1      | Conn the Octopode Fire Elementalist began the quest for the
                  | Orb.
     0 | D:1      | Reached XP level 1. HP: 11/11 MP: 3/3
   262 | D:1      | Reached XP level 2. HP: 17/17 MP: 3/5
   413 | D:1      | Reached XP level 3. HP: 17/21 MP: 1/6
  1152 | D:1      | Learned a level 3 spell: Conjure Flame
  1389 | D:2      | Noticed Natasha
  1403 | D:2      | HP: 1/21 [leopard gecko (2)]
  1403 | D:2      | Slain by a crimson imp

Levels and vault maps discovered:
D:1:      minmay_arrival_nine_rooms, layout_basic, serial_bayou_lagoon_a,
          minmay_misc_feat_iff, lexackson_kobold_supper
D:2:      layout_loops_ring, minmay_overflow_temple_star_quad, first_ration,
          uniq_natasha

Skill      XL: |  1  2  3 |
---------------+----------+-----
Stealth        | 3 |  3.0
Fighting       | |  0.2
Dodging        | |  2.1
Unarmed Combat | |  0.2
Spellcasting   | |  2.4
Conjurations   | |  1.6
Fire Magic     | |  3.9

Action                   || total
-------------------------++-------
Melee: Unarmed           ||    12
       Tentacles         ||     5
       Constrict         ||     6
 Cast: Foxfire           ||    56
  Use: Potion            ||     2
 Stab: Sleeping          ||     1
  Eat: Chunk             ||     2
Armor: Skin              ||     5
Dodge: Dodged            ||    40

Table legend:
 A = Non-vault XP
 B = Vault XP
 C = Vault XP percentage of total XP
 D = Non-vault monster count
 E = Vault monster count
 F = Vault count percentage of total count
                 A         B        C        D         E       F
            +---------+---------+-------+---------+---------+-------
      Total |      65 |      14 |  17.7 |      37 |       8 |  17.8
            +---------+---------+-------+---------+---------+-------
        D:1 |      40 |      14 |  25.9 |      24 |       8 |  25.0
        D:2 |      25 |       0 |   0.0 |      13 |       0 |   0.0
            +---------+---------+-------+---------+---------+-------
